[Event "Titled Tuesday Blitz April 25 Early 2023"]
[White "Inepton_Fermion"]
[Black "Shimelkov, Vasiliy"]
[BlackFideId "13701630"]
[WhiteElo "2339"]
[BlackElo "2073"]
[Result "1/2-1/2"]
[Round "09"]
[TimeControl "180+2"]
[Date "2023.04.25"]
[WhiteClock "0:00:03"]
[BlackClock "0:00:19"]

1. e4 c5 2. Nf3 Nc6 3. d4 cxd4 4. Nxd4 Nf6 5. Nc3 e6 6. Nxc6 bxc6 7. e5 Nd5 8. Ne4 Qc7 9. f4 Qb6 10. c4 Bb4+ 11. Ke2 f5 12. exf6 Nxf6 13. Be3 Qc7 14. Nxf6+ gxf6 15. Kf2 Bb7 16. Qh5+ Ke7 17. a3 Qa5 18. Qd1 Bc5 19. b4 Bxe3+ 20. Kxe3 Qc7 21. c5 e5 22. Kf2 Rad8 23. Bc4 d5 24. cxd6+ Rxd6 25. Qh5 Kd8 26. Rhd1 Kc8 27. Rxd6 Qxd6 28. Rd1 Qe7 29. Qf5+ Kc7 30. Be6 Bc8 31. Bxc8 Rxc8 32. Re1 Re8 33. g3 e4 34. Rc1 e3+ 35. Ke2 Rd8 36. Rc2 Kb7 37. b5 c5 38. a4 Qd6 39. Qe4+ Kb8 40. Kxe3 Qd7 41. Kf3 Qd1+ 42. Qe2 Qd5+ 43. Kf2 Qh1 44. Qf3 Qxh2+ 45. Qg2 Qh5 46. Qf3 Qh2+ 47. Qg2 Qh5 48. Qf3 Qh2+ 1/2-1/2


[Site "https://www.chess.com"]

[Event "Titled Tuesday Blitz April 25 Early 2023"]
[White "mohsengabr2002"]
[Black "Zavortink, Matt"]
[BlackFideId "2034263"]
[WhiteElo "2332"]
[BlackElo "2463"]
[Result "0-1"]
[Round "09"]
[TimeControl "180+2"]
[Date "2023.04.25"]
[WhiteClock "0:01:10"]
[BlackClock "0:01:31"]

1. g3 Nf6 2. Bg2 d5 3. Nf3 Bf5 4. O-O e6 5. d3 Be7 6. Nbd2 O-O 7. b3 h6 8. Bb2 Nbd7 9. Re1 Bh7 10. e4 a5 11. a3 c6 12. Qe2 Qb6 13. Bd4 c5 14. Bxf6 Bxf6 15. e5 Be7 16. a4 Qb4 17. Nf1 Rac8 18. Qd2 c4 19. bxc4 dxc4 20. c3 Qb6 21. d4 Qc7 22. Ne3 Nb6 0-1


[Site "https://www.chess.com"]

[Event "Titled Tuesday Blitz April 25 Early 2023"]
[White "Sovetbekova, Nurai"]
[Black "Turzo, Attila"]
[WhiteFideId "13801910"]
[BlackFideId "704954"]
[WhiteElo "1857"]
[BlackElo "2462"]
[Result "0-1"]
[Round "09"]
[TimeControl "180+2"]
[Date "2023.04.25"]
[WhiteClock "0:00:03"]
[BlackClock "0:00:53"]

1. d4 Nf6 2. c4 c5 3. d5 b5 4. cxb5 a6 5. e3 g6 6. Nc3 axb5 7. Bxb5 Bg7 8. Nf3 O-O 9. O-O Ba6 10. a4 Bxb5 11. Nxb5 d6 12. Re1 Na6 13. e4 Nc7 14. Nxc7 Qxc7 15. Bd2 Nd7 16. Bc3 Rfb8 17. Qc2 Qb7 18. Bxg7 Kxg7 19. Rab1 Qb3 20. Qd2 f6 21. g4 Rxa4 22. Re3 Qa2 23. Qc2 Rab4 24. Re2 Nb6 25. g5 Nc4 26. gxf6+ exf6 27. Ne1 Na3 28. bxa3 Qxc2 29. Rxc2 Rxb1 30. Kf1 Ra1 31. Ke2 Rxa3 32. Nf3 Rab3 33. Nd2 Rb2 34. Rc1 Ra2 35. Ke3 Rbb2 36. Nc4 Rxf2 37. Nxd6 Rxh2 38. Kd3 Rhd2+ 39. Kc3 h5 40. Nc4 Rd4 41. Kb3 Re2 42. d6 Rexe4 43. Rc3 Rxc4 44. Rxc4 Rxc4 45. Kxc4 Kf7 46. Kxc5 Ke8 47. Kc6 Kd8 0-1


[Site "https://www.chess.com"]

[Event "Titled Tuesday Blitz April 25 Early 2023"]
[White "Heinemann, Josefine"]
[Black "Todorovic, Bojan"]
[WhiteFideId "12900460"]
[BlackFideId "917087"]
[WhiteElo "2342"]
[BlackElo "2266"]
[Result "1-0"]
[Round "09"]
[TimeControl "180+2"]
[Date "2023.04.25"]
[WhiteClock "0:00:29"]
[BlackClock "0:00:03"]

1. e4 g6 2. d4 Bg7 3. Nc3 d6 4. Nf3 a6 5. a4 Nc6 6. Be2 e5 7. dxe5 dxe5 8. Qxd8+ Nxd8 9. Bc4 Be6 10. Bxe6 Nxe6 11. Be3 O-O-O 12. a5 Nd4 13. Bxd4 exd4 14. Nd5 f5 15. Ng5 fxe4 16. Nf4 Nf6 17. Nf7 d3 18. cxd3 exd3 19. Nxd8 Rxd8 20. Rd1 Re8+ 21. Kf1 Ne4 22. Nxd3 c5 23. b3 Bd4 24. g3 Rf8 25. f4 g5 26. Kg2 g4 27. Rde1 Nd2 28. Re7 Nxb3 29. Rhe1 c4 30. Nc1 Rd8 31. Rxh7 Bc3 32. Rf1 Bxa5 33. f5 Rd2+ 34. Kh1 Bd8 35. f6 Bxf6 36. Rxf6 Rd1+ 37. Kg2 Nxc1 38. Rf8+ Rd8 39. Rxd8+ Kxd8 40. Rxb7 Nb3 41. Rb4 a5 42. Rxc4 Kd7 43. Rxg4 Kc6 44. h4 Kc5 45. h5 Nd4 46. h6 1-0


[Site "https://www.chess.com"]

[Event "Titled Tuesday Blitz April 25 Early 2023"]
[White "Pavlidis, Anastasios"]
[Black "Fan_Of_Chucky"]
[WhiteFideId "4208404"]
[WhiteElo "2210"]
[BlackElo "2420"]
[Result "1/2-1/2"]
[Round "09"]
[TimeControl "180+2"]
[Date "2023.04.25"]
[WhiteClock "0:02:17"]
[BlackClock "0:00:10"]

1. e4 c5 2. Nf3 a6 3. c4 Nc6 4. Nc3 Nd4 5. Nxd4 cxd4 6. Ne2 e5 7. d3 b5 8. cxb5 axb5 9. g3 Bb7 10. Bg2 Nf6 11. O-O Be7 12. f4 d6 13. h3 O-O 14. f5 d5 15. exd5 Bxd5 16. g4 Bxg2 17. Kxg2 Qd5+ 18. Kh2 Rfd8 19. Ng3 e4 20. dxe4 Nxe4 21. Nxe4 Qxe4 22. Bf4 Bd6 23. Bxd6 Rxd6 24. Qf3 Qxf3 25. Rxf3 d3 26. a3 Re8 27. Rf2 Re2 28. Rxe2 dxe2 29. Re1 Rd2 30. b4 h6 31. Kg2 Ra2 32. h4 h5 33. g5 Kf8 34. Kf2 Rxa3 35. Rxe2 Rh3 36. Re4 Rc3 37. Re5 Rc4 38. Rxb5 Rxh4 39. Kf3 Rh1 40. Rb8+ Ke7 41. Rb7+ Ke8 42. b5 Rf1+ 43. Ke4 Re1+ 44. Kd5 Rf1 45. Ke5 Re1+ 46. Kd6 Rd1+ 47. Kc6 Rf1 48. Rb8+ Ke7 49. f6+ gxf6 50. gxf6+ Rxf6+ 51. Kc7 Rf1 52. Rh8 Rc1+ 53. Kb7 Rh1 54. b6 Kf6 55. Kc7 Kg5 56. b7 Rc1+ 57. Kd7 Rb1 58. b8=Q Rxb8 59. Rxb8 h4 60. Rb4 h3 61. Ke7 h2 62. Rb1 Kg4 63. Kf6 Kg3 64. Kg5 Kg2 65. Kg4 h1=Q 66. Rxh1 Kxh1 67. Kf5 Kg1 68. Kf6 Kf1 69. Kxf7 1/2-1/2


[Site "https://www.chess.com"]

[Event "Titled Tuesday Blitz April 25 Early 2023"]
[White "Kielinkei"]
[Black "Rodriguez Santiago, Jaime"]
[BlackFideId "3100898"]
[WhiteElo "2415"]
[BlackElo "2025"]
[Result "1-0"]
[Round "09"]
[TimeControl "180+2"]
[Date "2023.04.25"]
[WhiteClock "0:00:42"]
[BlackClock "0:00:19"]

1. e4 c6 2. d4 d5 3. e5 Bf5 4. h4 h5 5. Bg5 Qa5+ 6. c3 e6 7. Bd3 Bxd3 8. Qxd3 c5 9. dxc5 Nc6 10. Nf3 Qxc5 11. O-O Nh6 12. Nbd2 Nf5 13. Nb3 Qb6 14. Nbd4 Ncxd4 15. Nxd4 Nxd4 16. cxd4 Be7 17. Bxe7 Kxe7 18. Qa3+ Ke8 19. Rac1 Rd8 20. Rc5 f6 21. Rfc1 Rf8 22. Qf3 fxe5 23. Qxh5+ Kd7 24. Qxe5 Rc8 25. Qxg7+ Kd6 26. Rxc8 Rxc8 27. Rxc8 Qxb2 1-0


[Site "https://www.chess.com"]

[Event "Titled Tuesday Blitz April 25 Early 2023"]
[White "Omariev, Maksim"]
[Black "Bashkansky, Ethan"]
[WhiteFideId "4193423"]
[BlackFideId "2071533"]
[WhiteElo "2415"]
[BlackElo "2308"]
[Result "1-0"]
[Round "09"]
[TimeControl "180+2"]
[Date "2023.04.25"]
[WhiteClock "0:00:53"]
[BlackClock "0:00:02"]

1. g4 d5 2. Bg2 c6 3. h3 e6 4. d4 Nf6 5. Nf3 Bd6 6. c3 O-O 7. Bg5 h6 8. Bh4 g5 9. Nxg5 hxg5 10. Bxg5 Be7 11. Nd2 Nbd7 12. e3 e5 13. Qf3 Ne4 14. Bh6 Nxd2 15. Kxd2 Re8 16. h4 exd4 17. exd4 Nf6 18. Bh3 Ne4+ 19. Kc2 Be6 20. g5 Qd7 21. Rag1 Bxh3 22. Rxh3 Nxf2 23. g6 f6 24. Rh2 Ne4 25. Kb1 Bf8 26. Bc1 f5 27. h5 Re7 28. h6 1-0


[Site "https://www.chess.com"]

[Event "Titled Tuesday Blitz April 25 Early 2023"]
[White "Gonzalez, Francisco Silva"]
[Black "Harriott, Tyrell"]
[WhiteFideId "1512285"]
[BlackFideId "2086484"]
[WhiteElo "2074"]
[BlackElo "2107"]
[Result "0-1"]
[Round "09"]
[TimeControl "180+2"]
[Date "2023.04.25"]
[WhiteClock "0:01:48"]
[BlackClock "0:00:13"]

1. d4 e6 2. c4 d5 3. Nc3 f5 4. e3 Nf6 5. Qc2 c6 6. Bd3 Bd6 7. Nge2 O-O 8. f3 e5 9. cxd5 Nxd5 10. Nxd5 cxd5 11. dxe5 Bxe5 12. O-O Nc6 13. a3 Be6 14. Bd2 Qb6 15. Rab1 Rac8 16. Qd1 f4 17. b4 fxe3 18. Be1 d4 19. a4 Ne7 20. a5 Qd6 21. g3 Bh3 22. Qb3+ Kh8 23. f4 Bxf1 24. Kxf1 g5 25. b5 gxf4 26. g4 f3 27. Nxd4 Bxd4 28. Bb4 Qxh2 29. Ke1 Qg1+ 0-1


[Site "https://www.chess.com"]

[Event "Titled Tuesday Blitz April 25 Early 2023"]
[White "Toktomushev, Teimur"]
[Black "Grossboss19"]
[WhiteFideId "14176726"]
[WhiteElo "2116"]
[BlackElo "2288"]
[Result "1-0"]
[Round "09"]
[TimeControl "180+2"]
[Date "2023.04.25"]
[WhiteClock "0:00:03"]
[BlackClock "0:00:19"]

1. d4 d5 2. c4 e6 3. Nc3 Nf6 4. cxd5 exd5 5. Bg5 c6 6. e3 h6 7. Bh4 Be7 8. Bd3 Be6 9. Nge2 Nbd7 10. O-O O-O 11. Nf4 Ne8 12. Bxe7 Qxe7 13. Qd2 Nd6 14. Rae1 Bf5 15. b3 Bxd3 16. Qxd3 Rae8 17. f3 f5 18. Qd2 Qf7 19. Nd3 Re7 20. Qc1 Rfe8 21. f4 Ne4 22. Ne5 Qe6 23. Nxe4 fxe4 24. Qd1 Rf8 25. Qh5 Nxe5 26. fxe5 Ref7 27. Rxf7 Rxf7 28. b4 Qe7 29. a3 a5 30. bxa5 Qxa3 31. e6 Re7 32. Qg6 Qc3 33. Kf2 Qd2+ 34. Re2 Qxa5 35. Rb2 Qc7 36. h4 b5 37. h5 Qc8 38. Ra2 Rxe6 39. Qg3 Rf6+ 40. Kg1 Qf8 41. Ra7 Rf1+ 42. Kh2 Rf7 43. Ra5 Qd8 44. Ra6 Qe8 45. Qg6 Re7 46. Rxc6 Qxg6 47. hxg6 Rb7 48. Rc8# 1-0


[Site "https://www.chess.com"]

[Event "Titled Tuesday Blitz April 25 Early 2023"]
[White "Tsyhanchuk, Stanislav"]
[Black "Alexikov, Alexander"]
[WhiteFideId "13505130"]
[BlackFideId "14103958"]
[WhiteElo "2173"]
[BlackElo "2186"]
[Result "1-0"]
[Round "09"]
[TimeControl "180+2"]
[Date "2023.04.25"]
[WhiteClock "0:00:08"]
[BlackClock "0:00:08"]

1. e4 c5 2. Nf3 d6 3. d4 cxd4 4. Nxd4 Nf6 5. Nc3 a6 6. Bg5 Nbd7 7. f4 Qb6 8. Qd2 Qxb2 9. Rb1 Qa3 10. Bc4 Qc5 11. Bb3 h6 12. Bh4 b5 13. h3 Bb7 14. Bf2 Qc8 15. a3 g5 16. fxg5 hxg5 17. O-O g4 18. h4 Bh6 19. Qe1 Bf4 20. Bg3 Bxg3 21. Qxg3 Qc5 22. Ne2 e5 23. Bxf7+ Kxf7 24. Qxg4 Rad8 25. Qe6+ Kg6 26. Qf5+ Kf7 27. Qe6+ Kg6 28. Rf5 exd4 29. Rxc5 Nxc5 30. Qf5+ Kf7 31. Rf1 Nxe4 32. Nf4 Rde8 33. Qg6+ Ke7 34. Nh3 1-0


[Site "https://www.chess.com"]

[Event "Titled Tuesday Blitz April 25 Early 2023"]
[White "Orujov2008"]
[Black "Sarkar, Justin"]
[BlackFideId "2010011"]
[WhiteElo "2398"]
[BlackElo "2189"]
[Result "1/2-1/2"]
[Round "09"]
[TimeControl "180+2"]
[Date "2023.04.25"]
[WhiteClock "0:00:03"]
[BlackClock "0:00:01"]

1. e4 e5 2. Nf3 Nc6 3. Bb5 a6 4. Ba4 d6 5. d4 b5 6. Bb3 Nxd4 7. Nxd4 exd4 8. c3 dxc3 9. Nxc3 Nf6 10. O-O Be7 11. f4 O-O 12. e5 dxe5 13. fxe5 Bc5+ 14. Kh1 Qxd1 15. Nxd1 Ng4 16. Bf4 Be6 17. h3 Bxb3 18. axb3 Nh6 19. Bxh6 gxh6 20. Rf6 Bd4 21. Rfxa6 Rxa6 22. Rxa6 Bxe5 23. Nc3 b4 24. Nd5 Rd8 25. Nf6+ Kh8 26. Kg1 Bxb2 27. Nh5 c5 28. Rc6 Kg8 29. Kf2 Kf8 30. Kf3 Rd3+ 31. Ke4 Rxb3 32. Rxc5 Rc3 33. Rb5 b3 34. Rb8+ Ke7 35. Nf4 Rc4+ 36. Ke3 Bc1+ 37. Kd3 Bxf4 38. Rb7+ Rc7 39. Rxb3 Be5 40. Ke4 Ke6 41. Rb6+ Bd6 42. Rb3 Rc4+ 43. Kf3 Rd4 44. Rb7 Rd5 45. Ra7 h5 46. Ra8 h4 47. Rh8 h5 48. Rh6+ f6 49. Ke2 Rc5 50. Rh8 Bg3 51. Re8+ Kf7 52. Rd8 Rf5 53. Rd7+ Ke6 54. Rh7 Rf2+ 55. Kd1 Rxg2 56. Rxh5 Rh2 57. Ra5 Rxh3 58. Ke2 Rh2+ 59. Kf1 Rf2+ 60. Kg1 h3 61. Ra1 h2+ 62. Kh1 Rf4 63. Ra6+ Kf5 64. Ra5+ Kg6 65. Ra1 Rg4 66. Rb1 Be5 67. Rc1 Rg1+ 68. Rxg1+ hxg1=R+ 69. Kxg1 f5 70. Kf2 1/2-1/2


[Site "https://www.chess.com"]

[Event "Titled Tuesday Blitz April 25 Early 2023"]
[White "Schut, Han"]
[Black "Kopczynski, Michal"]
[WhiteFideId "1005561"]
[BlackFideId "1124200"]
[WhiteElo "2024"]
[BlackElo "2212"]
[Result "1/2-1/2"]
[Round "09"]
[TimeControl "180+2"]
[Date "2023.04.25"]
[WhiteClock "0:02:20"]
[BlackClock "0:02:41"]

1. e4 c5 2. Nf3 d6 3. d4 cxd4 4. Nxd4 Nf6 5. f3 g6 6. c4 Bg7 7. Be3 O-O 8. Qd2 Nc6 9. Nc3 Bd7 10. Rc1 a6 11. Be2 Qa5 12. O-O Rfc8 13. Rfd1 Nxd4 14. Bxd4 b5 15. Bxf6 Bxf6 16. Nd5 Qxd2 17. Nxf6+ exf6 18. Rxd2 bxc4 19. Rxd6 Be6 20. Rd4 Rab8 21. b3 cxb3 22. Rxc8+ 1/2-1/2


[Site "https://www.chess.com"]

[Event "Titled Tuesday Blitz April 25 Early 2023"]
[White "Belenkaya, Dina"]
[Black "Jiganchine, Roman"]
[WhiteFideId "24142654"]
[BlackFideId "2603667"]
[WhiteElo "2208"]
[BlackElo "2262"]
[Result "1-0"]
[Round "09"]
[TimeControl "180+2"]
[Date "2023.04.25"]
[WhiteClock "0:00:20"]
[BlackClock "0:00:06"]

1. Nf3 d5 2. d4 Nf6 3. Nbd2 Bf5 4. b4 e6 5. a3 h6 6. e3 a5 7. b5 Nbd7 8. c4 dxc4 9. Bxc4 a4 10. O-O Nb6 11. Ba2 Be7 12. Qe2 Bh7 13. Bb2 O-O 14. e4 Re8 15. Rad1 Qb8 16. Ne5 Qa7 17. Bc3 Rad8 18. Nb1 Bf8 19. f4 Nbd7 20. Nxd7 Nxd7 21. f5 exf5 22. Qc4 Ne5 23. Qe2 f4 24. Rxf4 Bg6 25. Kh1 Nd7 26. Qg4 Kh7 27. Rxf7 Rxe4 28. Qf3 Nf6 29. Qxf6 Rd6 30. Qf3 c5 31. Rxf8 cxd4 32. Bg8+ Kh8 33. Bd5+ Kh7 34. Rh8+ Kxh8 35. Qf8+ Kh7 36. Qg8# 1-0


[Site "https://www.chess.com"]

[Event "Titled Tuesday Blitz April 25 Early 2023"]
[White "Karthik Sai Ch"]
[Black "Kuchava, Ana"]
[WhiteFideId "46649484"]
[BlackFideId "13605348"]
[WhiteElo "2003"]
[BlackElo "2001"]
[Result "1-0"]
[Round "09"]
[TimeControl "180+2"]
[Date "2023.04.25"]
[WhiteClock "0:01:07"]
[BlackClock "0:00:05"]

1. d4 d5 2. Nf3 Nf6 3. Bf4 c5 4. e3 cxd4 5. exd4 Nc6 6. c3 Bf5 7. Nbd2 e6 8. Qb3 Qc8 9. Be2 Be7 10. O-O O-O 11. h3 h6 12. Rfe1 Ne4 13. Nxe4 Bxe4 14. Nd2 Bg6 15. Bf3 a6 16. a4 Na5 17. Qd1 Nc4 18. Nxc4 Qxc4 19. Qe2 Rfc8 20. Qxc4 Rxc4 21. Bxd5 exd5 22. Rxe7 b6 23. Rd7 Be4 24. f3 Bc2 25. Rxd5 Rxa4 26. Rxa4 Bxa4 27. Rd6 b5 28. Rb6 Bb3 29. Bd6 Bc4 30. Bc5 a5 31. Kf2 a4 32. Bb4 Rd8 33. Ke3 Re8+ 34. Kf4 Re2 35. g4 Rxb2 36. Ke5 Rd2 37. f4 Re2+ 38. Kd6 Re6+ 39. Kc5 Rxb6 40. Kxb6 f6 41. Kc5 Kf7 42. d5 Ke7 43. Kc6+ Kd8 44. f5 Bf1 45. Ba5+ Kc8 46. Bc7 Be2 47. Bd6 Bf1 48. Bf8 Kd8 49. Bxg7 a3 50. Bxf6+ Ke8 51. d6 Bg2+ 52. Kc7 Kf7 53. Bd4 a2 54. c4 bxc4 55. d7 1-0


[Site "https://www.chess.com"]

[Event "Titled Tuesday Blitz April 25 Early 2023"]
[White "Pandey Srishti"]
[Black "White, John S."]
[WhiteFideId "35093290"]
[BlackFideId "2502348"]
[WhiteElo "2083"]
[BlackElo "2040"]
[Result "1-0"]
[Round "09"]
[TimeControl "180+2"]
[Date "2023.04.25"]
[WhiteClock "0:02:16"]
[BlackClock "0:00:56"]

1. e4 e6 2. d4 d5 3. Nc3 Bb4 4. e5 c5 5. a3 Bxc3+ 6. bxc3 Ne7 7. Qg4 O-O 8. h4 Nbc6 9. h5 cxd4 10. Bh6 g6 11. Bxf8 Qxf8 12. cxd4 Nf5 13. c3 Qh6 14. Bd3 Kf8 15. Ne2 Bd7 16. Rb1 Na5 17. Rh3 Rc8 18. Nf4 Qg7 19. hxg6 fxg6 20. Qg5 Rxc3 21. Qd8+ Be8 22. Nxe6+ 1-0


[Site "https://www.chess.com"]

[Event "Titled Tuesday Blitz April 25 Early 2023"]
[White "Stanisz, Patryk"]
[Black "Gutkin, Ilya"]
[WhiteFideId "1123106"]
[BlackFideId "16203470"]
[WhiteElo "2069"]
[BlackElo "2265"]
[Result "0-1"]
[Round "09"]
[TimeControl "180+2"]
[Date "2023.04.25"]
[WhiteClock "0:00:03"]
[BlackClock "0:00:28"]

1. d4 d5 2. c4 e6 3. Nf3 Nf6 4. Nc3 Bb4 5. Qa4+ Nc6 6. e3 O-O 7. Bd2 Re8 8. Qc2 e5 9. dxe5 Nxe5 10. Nxe5 Rxe5 11. cxd5 Nxd5 12. Bc4 Nxc3 13. Bxc3 Bxc3+ 14. Qxc3 Rg5 15. Rd1 Qe7 16. Bd5 c6 17. Bf3 Be6 18. a3 Rc5 19. Qb4 a5 20. Qd4 Bb3 21. Qd6 Qxd6 22. Rxd6 Rc1+ 23. Bd1 Rb1 24. O-O Rxb2 25. Bxb3 Rxb3 26. Rfd1 g6 27. a4 Rb4 28. R6d4 Rxd4 29. Rxd4 Kf8 30. Kf1 Ke7 31. Ke2 Rd8 32. Rc4 Kd7 33. Rc2 Kc7 34. Rb2 b6 35. f3 Kb7 36. e4 Rd4 37. Ra2 Ka6 38. Ke3 Rb4 39. f4 b5 40. axb5+ cxb5 41. e5 a4 42. g4 Ka5 43. f5 Rxg4 44. e6 fxe6 45. fxe6 Rc4 46. e7 Rc8 47. Kd4 Re8 48. Kc5 Rxe7 49. Rd2 Rc7+ 50. Kd6 Rc3 51. Rd5 a3 52. Re5 a2 53. Re1 0-1


[Site "https://www.chess.com"]

[Event "Titled Tuesday Blitz April 25 Early 2023"]
[White "Semenova, Alina"]
[Black "Luong Phuong Hanh"]
[WhiteFideId "24113875"]
[BlackFideId "12401013"]
[WhiteElo "1833"]
[BlackElo "2081"]
[Result "1-0"]
[Round "09"]
[TimeControl "180+2"]
[Date "2023.04.25"]
[WhiteClock "0:01:55"]
[BlackClock "0:01:49"]

1. e4 c5 2. Nf3 e6 3. d4 cxd4 4. Nxd4 a6 5. c4 Nf6 6. Nc3 Qc7 7. Be2 d6 8. O-O Nbd7 9. Kh1 Be7 10. f4 O-O 11. Be3 b6 12. Bf3 Bb7 13. Qd2 Qxc4 14. Rac1 Qb4 15. a3 Qa5 16. Nb3 Qxc3 17. Rxc3 Nc5 18. Nxc5 bxc5 19. e5 Nd5 20. Bxd5 exd5 21. exd6 Bxd6 22. Bxc5 Bxc5 23. Rxc5 Rad8 24. Qd4 h6 25. f5 Rfe8 26. f6 g6 27. Qh4 h5 28. Qg5 Kh7 29. Rc7 1-0


[Site "https://www.chess.com"]

[Event "Titled Tuesday Blitz April 25 Early 2023"]
[White "egorchess95"]
[Black "Fierz, Martin"]
[BlackFideId "1302132"]
[WhiteElo "2518"]
[BlackElo "2290"]
[Result "1-0"]
[Round "09"]
[TimeControl "180+2"]
[Date "2023.04.25"]
[WhiteClock "0:00:15"]
[BlackClock "0:00:06"]

1. e4 c5 2. Nf3 e6 3. c3 d5 4. e5 d4 5. Bd3 Nc6 6. O-O Be7 7. Qe2 Nh6 8. Na3 Nf5 9. Nc2 O-O 10. Bxf5 exf5 11. d3 h6 12. h3 Be6 13. Bf4 g5 14. Bh2 Qd5 15. c4 Qd7 16. a3 a5 17. Nd2 Rfe8 18. f4 Rab8 19. a4 Nb4 20. Nxb4 axb4 21. b3 Bf8 22. Qh5 Qe7 23. Rae1 Bg7 24. Kh1 Bd7 25. Nf3 g4 26. hxg4 fxg4 27. Nd2 f5 28. exf6 Qxf6 29. Ne4 Qf5 30. Qxf5 Bxf5 31. Nxc5 Re3 32. Rxe3 dxe3 33. Re1 Bd4 34. Ne4 Re8 35. Ng3 Bxd3 36. Rd1 e2 37. Nxe2 Rxe2 38. Bg1 Bxg1 39. Rxd3 Re1 40. g3 Bc5+ 41. Kg2 Re2+ 42. Kf1 b6 43. Kxe2 1-0


[Site "https://www.chess.com"]

[Event "Titled Tuesday Blitz April 25 Early 2023"]
[White "Kohler, Aran"]
[Black "Womacka, Mathias"]
[WhiteFideId "1002856"]
[BlackFideId "4611390"]
[WhiteElo "2289"]
[BlackElo "2377"]
[Result "0-1"]
[Round "09"]
[TimeControl "180+2"]
[Date "2023.04.25"]
[WhiteClock "0:00:04"]
[BlackClock "0:00:17"]

1. f3 e5 2. Nh3 d5 3. Nf2 f5 4. e3 Nf6 5. g3 Bd6 6. Bg2 O-O 7. d3 f4 8. e4 d4 9. g4 h5 10. g5 Nfd7 11. h4 c5 12. c3 Nc6 13. Bh3 Re8 14. Nd2 Nf8 15. Bxc8 Rxc8 16. Qb3+ Kh7 17. Qxb7 Ng6 18. Qb3 Bf8 19. Ke2 Qd7 20. Qc2 Red8 21. c4 Rb8 22. b3 a5 23. Rb1 Rb7 24. Ba3 Rdb8 25. Rb2 Ra8 26. Rbb1 Rba7 27. Bb2 Nb4 28. Qd1 Nxa2 29. Ra1 Nb4 30. Ra4 Nc6 31. Qa1 Rb7 32. Ba3 Rab8 33. Rb1 Nxh4 34. Rh1 Ng2 35. Rxh5+ Kg6 36. Qh1 Ne3 37. Rh7 Kf7 38. Qh5+ Ke7 39. Rh8 Qd6 40. Ng4 Kd7 41. Rg8 Kc7 42. Qh8 Kb6 0-1


[Site "https://www.chess.com"]

[Event "Titled Tuesday Blitz April 25 Early 2023"]
[White "Blokhin, Sofia"]
[Black "Fernandez Siles, Luis"]
[WhiteFideId "4508190"]
[BlackFideId "2209420"]
[WhiteElo "1994"]
[BlackElo "2195"]
[Result "1-0"]
[Round "09"]
[TimeControl "180+2"]
[Date "2023.04.25"]
[WhiteClock "0:00:23"]
[BlackClock "0:00:01"]

1. e4 c5 2. Nf3 Nc6 3. d4 cxd4 4. Nxd4 Nf6 5. Nc3 e5 6. Ndb5 d6 7. Nd5 Nxd5 8. exd5 Nb8 9. c4 Be7 10. Bd3 a6 11. Nc3 O-O 12. O-O f5 13. f3 Nd7 14. Be3 Bg5 15. Bf2 Qf6 16. Qc2 b6 17. b4 g6 18. a4 a5 19. bxa5 Rxa5 20. Nb5 Nc5 21. Be2 Bd7 22. Bxc5 bxc5 23. Qc3 Rfa8 24. Rfb1 Bf4 25. g3 Qg5 26. Nxd6 Be3+ 27. Kg2 Bd4 28. Qb3 Bxa1 29. Rxa1 Rxa4 30. Rxa4 Rxa4 31. Qb8+ Kg7 32. Qc7 Qe7 33. Nc8 Qe8 34. Nb6 Ra2 35. Nxd7 Rxe2+ 36. Kf1 Rb2 37. Nxc5+ Kg8 38. Ne6 Qf7 39. Qd8+ 1-0


[Site "https://www.chess.com"]

[Event "Titled Tuesday Blitz April 25 Early 2023"]
[White "Bueno, Alfeu Junior Varela"]
[Black "Romkachess"]
[WhiteFideId "2108879"]
[WhiteElo "2175"]
[BlackElo "2446"]
[Result "1-0"]
[Round "09"]
[TimeControl "180+2"]
[Date "2023.04.25"]
[WhiteClock "0:01:15"]
[BlackClock "0:01:38"]

1. e4 c5 2. Nc3 d6 3. f4 Nc6 4. Bb5 Bd7 5. Nf3 Nd4 6. Bxd7+ Qxd7 7. O-O Nxf3+ 8. Qxf3 e6 9. f5 Nf6 10. fxe6 fxe6 11. d3 O-O-O 12. Bf4 e5 13. Bg5 Be7 14. Bxf6 Bxf6 15. Nd5 Rhf8 16. Qh5 g6 17. Qe2 Bg5 18. Rf3 Rxf3 19. Qxf3 Qb5 20. Qg4+ Kb8 21. Qxg5 Rc8 22. Qe7 1-0


[Site "https://www.chess.com"]

[Event "Titled Tuesday Blitz April 25 Early 2023"]
[White "Kiseleva, Arina"]
[Black "Zhukova, Natalia"]
[WhiteFideId "4164989"]
[BlackFideId "14101513"]
[WhiteElo "1708"]
[BlackElo "2297"]
[Result "0-1"]
[Round "09"]
[TimeControl "180+2"]
[Date "2023.04.25"]
[WhiteClock "0:00:05"]
[BlackClock "0:00:57"]

1. d4 Nf6 2. Nf3 d5 3. e3 c5 4. Bd3 Nc6 5. O-O Bg4 6. c3 e6 7. Nbd2 Bd6 8. h3 Bh5 9. Qc2 O-O 10. dxc5 Bxc5 11. b4 Bb6 12. Bb2 Rc8 13. Qb3 e5 14. c4 e4 15. cxd5 exf3 16. dxc6 fxg2 17. Rfc1 Rxc6 18. Rxc6 bxc6 19. Qc3 Qd7 20. Kxg2 Rd8 21. Ne4 Qxd3 22. Nxf6+ gxf6 23. Qxf6 Qg6+ 0-1


[Site "https://www.chess.com"]

[Event "Titled Tuesday Blitz April 25 Early 2023"]
[White "ArrestingPieces"]
[Black "Tarnowska, Aleksandra"]
[BlackFideId "1180967"]
[WhiteElo "2347"]
[BlackElo "1776"]
[Result "0-1"]
[Round "09"]
[TimeControl "180+2"]
[Date "2023.04.25"]
[WhiteClock "0:00:30"]
[BlackClock "0:00:05"]

1. d4 d5 2. Nc3 Nf6 3. Bf4 c6 4. e3 Bf5 5. Nf3 e6 6. Bd3 Bg6 7. Ne5 Nbd7 8. g4 Nxe5 9. dxe5 Nd7 10. h4 Qc7 11. Be2 h6 12. h5 Bh7 13. Qd2 Nxe5 14. O-O-O Bd6 15. Bg3 Qa5 16. f4 Nd7 17. e4 Nb6 18. f5 Bxg3 19. fxe6 fxe6 20. Kb1 Be5 21. exd5 exd5 22. Rhe1 O-O 23. Bd3 Bxd3 24. Qxd3 Bxc3 25. bxc3 Nc4 26. Ka1 Qa3 27. Rb1 Rae8 28. Rg1 Re3 29. Qd4 Qxc3+ 30. Qxc3 Rxc3 31. Rxb7 Rxc2 32. g5 hxg5 33. Rxa7 Rff2 34. Re1 Rce2 35. Rb1 Rb2 36. Re1 Rbe2 37. Rb1 Kh7 38. h6 Kxh6 39. Rh1+ Kg6 40. Rb1 Ne5 41. Rh1 g4 42. Ra3 Rg2 43. Rf1 Ref2 44. Re1 Re2 45. Rf1 Rgf2 46. Rg1 Kf6 47. Ra8 Ke7 48. Rb1 Kd6 49. Rd8+ Nd7 50. Ra8 g3 51. Rg1 g2 52. a4 Rf1+ 0-1


[Site "https://www.chess.com"]

[Event "Titled Tuesday Blitz April 25 Early 2023"]
[White "Zaichenko, Daria"]
[Black "Torres Dominguez, David"]
[WhiteFideId "4197453"]
[BlackFideId "2220857"]
[WhiteElo "2039"]
[BlackElo "1999"]
[Result "1-0"]
[Round "09"]
[TimeControl "180+2"]
[Date "2023.04.25"]
[WhiteClock "0:00:11"]
[BlackClock "0:00:01"]

1. e4 Nc6 2. d4 e5 3. d5 Nce7 4. f4 Ng6 5. fxe5 Qh4+ 6. g3 Qxe4+ 7. Qe2 Qxh1 8. Nf3 Be7 9. Nbd2 d6 10. e6 fxe6 11. Kf2 Nf6 12. h3 Ne5 13. Nxe5 dxe5 14. Bg2 Bc5+ 15. Kf3 Qg1 16. Nb3 Bb6 17. Bh6 e4+ 18. Kf4 g5+ 19. Kxg5 Qe3+ 20. Qxe3 Bxe3+ 21. Kxf6 Bxh6 22. dxe6 O-O+ 23. Ke5 Re8 24. Nd4 c5 25. Nf5 Rxe6+ 26. Kd5 Bf8 27. Bxe4 Rxe4 28. Kxe4 Bxf5+ 29. Kxf5 Rd8 30. Re1 Rd5+ 31. Ke6 Rd6+ 32. Kf5 Kf7 33. g4 Rf6+ 34. Kg5 Be7 35. Kh5 Rf3 36. h4 Rh3 37. g5 Rf3 38. Kh6 Rf5 39. Kxh7 Rf4 40. g6+ Kf6 41. Rh1 Bf8 42. h5 Rg4 43. Rf1+ Ke7 44. h6 Bxh6 45. Kxh6 Rh4+ 46. Kg7 Rh2 47. Rf7+ Ke8 48. Rxb7 Rxc2 49. Rxa7 Rxb2 50. a4 c4 51. Rc7 1-0


[Site "https://www.chess.com"]